 Dungeon Crawl Stone Soup version 0.28-a0-750-g7c675f85b1 (webtiles) character file.

Game seed: 9918852188090573625

112 ytrimaz the Shield-Bearer (level 4, 0/35 HPs)
             Began as a Demonspawn Fighter on Oct 29, 2021.
             Succumbed to an adder's poison
             ... on level 3 of the Dungeon.
             The game lasted 00:03:50 (2269 turns).

ytrimaz the Shield-Bearer (Demonspawn Fighter)      Turns: 2269, Time: 00:03:50

Health: 0/35       AC: 13    Str: 17    XL:     4   Next: 64%
Magic:  4/4        EV:  9    Int: 11    God:
Gold:   139        SH:  5    Dex: 13    Spells: 3/3 levels left

rFire   . . .      SeeInvis .   a - +0 rapier (protect)
rCold   . . .      Faith    .   c - +0 buckler
rNeg    . . .      Spirit   .   b - +0 scale mail
rPois   .          Reflect  .   (helmet restricted)
rElec   .          Harm     .   (no cloak)
rCorr   .          Rampage  .   (no gloves)
Will    .....                   (no boots)
Stlth   ..........              (no amulet)
HPRegen 0.11/turn               (no ring)
MPRegen 0.09/turn               (no ring)

@: lethally poisoned (0 -> -1), under a protective aura
A: horns 2, big brain 1
a: no special abilities


You were on level 3 of the Dungeon.
You visited 1 branch of the dungeon, and saw 3 of its levels.

You collected 139 gold pieces.

Inventory:

Hand Weapons
 a - a +0 rapier of protection (weapon)
Armour
 b - a +0 scale mail (worn)
 c - a +0 buckler (worn)
Scrolls
 i - 2 scrolls of identify {unknown}
Potions
 d - a potion of might
 e - a potion of attraction {unknown}
 f - a potion of curing {unknown}
 g - a potion of lignification {unknown}
 h - 2 potions of mutation {unknown}


   Skills:
 + Level 3.4 Fighting
 + Level 3.0 Short Blades
 + Level 3.2 Armour
 * Level 3.5 Shields


You had 3 spell levels left.
You didn't know any spells.
Your spell library was empty.

Dungeon Overview and Level Annotations

Branches:
Dungeon (3/15)

Altars:

Shops:
D:1 [


Innate Abilities, Weirdness & Mutations

You have a pair of horns on your head.
You have an unusually large brain. (Int +2)


Message History

The adder poisons you!
You miss the adder.
You feel sick. The adder closely misses you.
The adder bites you but does no damage.
You miss the adder. Your headbutt misses the adder.
You feel sick. The adder bites you.
* * * LOW HITPOINT WARNING * * *
You are lethally poisoned!
The adder poisons you!
You barely miss the adder.
* * * LOW HITPOINT WARNING * * *
You feel sick. The adder closely misses you.
The adder bites you but does no damage.
You closely miss the adder.
* * * LOW HITPOINT WARNING * * *
You feel sick. The adder bites you but does no damage.
You closely miss the adder.
* * * LOW HITPOINT WARNING * * *
You feel sick. You block the adder's attack.
You miss the adder. Your headbutt misses the adder.
* * * LOW HITPOINT WARNING * * *
You feel sick. The adder barely misses you.
The adder bites you but does no damage.
You puncture the adder!
Your weapon exudes an aura of protection.
Your headbutt misses the adder.
The adder is severely wounded.
* * * LOW HITPOINT WARNING * * *
You feel sick. The adder closely misses you.
You closely miss the adder.
The adder is severely wounded.
* * * LOW HITPOINT WARNING * * *
You feel sick. The adder misses you. The adder barely misses you.
You miss the adder. Your headbutt misses the adder.
The adder is severely wounded.
* * * LOW HITPOINT WARNING * * *
You feel sick. The adder closely misses you.
You hit the adder.
Your weapon exudes an aura of protection.
The adder is severely wounded.
You die...

###..# .....# ...
####...... [##.. #
#.#.... ..#.#
#.#.### #.#.# #.#.#
#.#w# #.#.# #.#J#
##.#.# #.#S#
#....##### #.#@#
###.#......###.#.#.#
...(...###.........#
#####..# #####.#.###
#..# #.#.# #....
...#. #..### ##.#...
##.# #.##.#. #.# #.#
....


You could see a worm, an adder and an endoplasm.

Vanquished Creatures
  A hound (D:3)
  4 adders (D:3)
  A worm (D:3)
  3 ball pythons
  5 endoplasms
  2 giant cockroaches (D:2)
  9 goblins (D:1)
  3 hobgoblins
  A quokka (D:1)
  4 bats
  3 frilled lizards
  4 kobolds
  4 rats
44 creatures vanquished.

Vanquished Creatures (others)
  A demonic plant (D:1)
1 creature vanquished.

Grand Total: 45 creatures vanquished

Notes
Turn   | Place    | Note
-------+----------+-------------------------------------------
     0 | D:1      | ytrimaz the Demonspawn Fighter began the quest for the Orb.
     0 | D:1      | Reached XP level 1. HP: 18/18 MP: 1/1
   117 | D:1      | Gained mutation: You have a pair of small horns on your
                  | head. [demonic ancestry]
   117 | D:1      | Reached XP level 2. HP: 18/24 MP: 2/2
   217 | D:1      | Found a faded altar of an unknown god.
   217 | D:1      | Noticed a cacodemon
   249 | D:1      | Found Udee's Antique Armour Shop.
   749 | D:1      | Gained mutation: You have an unusually large brain. (Int
                  | +2) [demonic ancestry]
   749 | D:1      | Reached XP level 3. HP: 29/29 MP: 3/3
  1587 | D:3      | Gained mutation: You have a pair of horns on your head.
                  | [demonic ancestry]
  1587 | D:3      | Reached XP level 4. HP: 8/35 MP: 4/4
  2268 | D:3      | HP: 1/35 [poisoned by an adder]
  2269 | D:3      | Succumbed to an adder's poison

Illustrated notes

Levels and vault maps discovered:
D:1:      dpeg_arrival_arbitrary_b, layout_loops_ring,
          dreamdust_ecumenical_altar_sealed_demon, serial_shops,
          nicolae_shop_window_shopping
D:2:      layout_rooms, kennysheep_nondescript
D:3:      layout_loops_ring, st_stairs_11, uniq_ijyb

Skill      XL: |  1  2  3  4 |
---------------+-------------+-----
Shields        | 3 |  3.5
Short Blades   | 2 3 |  3.0
Armour         | 3 |  3.2
Fighting       | |  3.4

Action                   |  1- 3 |  4- 6 || total
-------------------------+-------+-------++-------
Melee: Rapier            |   130 |    44 ||   174
       Headbutt          |     9 |     3 ||    12
  Use: Scroll            |     2 |       ||     2
 Stab: Distracted        |       |     1 ||     1
Armor: Scale mail        |    75 |    16 ||    91
Dodge: Dodged            |    80 |    16 ||    96
Block: Buckler           |    43 |    11 ||    54

Table legend: (Time is in decaauts)
 A = Elapsed time spent in this place.
 B = Non-inter-level travel time spent in this place.
 C = Inter-level travel time spent in this place.
 D = Time resting spent in this place.
 E = Time spent auto-exploring this place.
 F = Levels seen in this place.
 G = Mean time per level.
                   A        B        C        D        E       F      G
               +--------+--------+--------+--------+--------+-----+--------+
         Total |   2287 |   2244 |     43 |      0 |   1807 |   3 |  762.3 |
       Dungeon |   2287 |   2244 |     43 |      0 |   1807 |   3 |  762.3 |
               +--------+--------+--------+--------+--------+-----+--------+

Top non-repeatable levels by time:
     D:1: 967 daAuts
     D:3: 726 daAuts
     D:2: 593 daAuts
